 Dungeon Crawl Stone Soup version 0.22-a0-259-gdd11e71 (webtiles) character file.

1588 tidbits the Insei (level 8, 43/61 HPs)
             Began as a Gnoll Transmuter on Mar 5, 2018.
             Quit the game on level 7 of the Dungeon.
             The game lasted 00:13:48 (1607 turns).

tidbits the Insei (Gnoll Transmuter)                Turns: 1607, Time: 00:13:49

Health: 43/61      AC:  6    Str: 13    XL:     8   Next: 92%
Magic:  17/17      EV: 16    Int: 17    God:
Gold:   115        SH:  0    Dex: 16    Spells: 13/19 levels left

rFire    . . .     SeeInvis .     - Unarmed
rCold    . . .     Gourm    .   (no shield)
rNeg     . . .     Faith    .   B - +1 robe
rPois    .         Spirit   .   E - +2 helmet
rElec    .         Reflect  .   (no cloak)
rCorr    .         Harm     .   (no gloves)
MR       .....                  (no boots)
Stlth    +++.......             g - amulet of magic regeneration
HPRegen  0.20/turn              (no ring)
MPRegen  0.40/turn              (no ring)

@: no status effects
A: distributed training, fangs 1, strong nose
a: no special abilities


You were on level 7 of the Dungeon.
You were not hungry.

You visited 1 branch of the dungeon, and saw 8 of its levels.

You collected 170 gold pieces.
You spent 55 gold pieces at shops.

Inventory:

Hand Weapons
 e - a +0 dagger
 h - a +1 whip of electrocution
   (You found it on level 2 of the Dungeon)
 l - a +0 war axe
 m - a +0 hunting sling
Missiles
 a - 67 arrows
 d - 4 tomahawks (quivered)
 r - 28 sling bullets
Armour
 B - a +1 robe (worn)
 E - a +2 helmet (worn)
Magical Staves
 j - an uncursed staff of poison {unknown}
   (You found it on level 3 of the Dungeon)
Jewellery
 g - an amulet of magic regeneration (around neck)
   (You found it on level 2 of the Dungeon)
 q - an uncursed ring of teleportation
   (You found it on level 7 of the Dungeon)
Scrolls
 n - 3 scrolls of enchant armour
Potions
 b - a potion of ambrosia {unknown}
 f - a potion of haste
 i - a potion of curing
 k - a potion of might
 p - a potion of brilliance
 s - 2 potions of lignification
Comestibles
 c - 10 rations


   Skills:
 + Level 4.5 Fighting
 + Level 3.6 Short Blades
 + Level 3.6 Long Blades
 + Level 3.6 Axes
 + Level 3.6 Maces & Flails
 + Level 3.6 Polearms
 + Level 3.6 Staves
 + Level 3.6 Slings
 + Level 3.6 Bows
 + Level 3.6 Crossbows
 + Level 3.6 Throwing
 + Level 3.6 Armour
 + Level 5.9 Dodging
 + Level 3.6 Stealth
 + Level 3.6 Shields
 + Level 7.5 Unarmed Combat
 + Level 6.2 Spellcasting
 + Level 3.0 Conjurations
 + Level 3.0 Hexes
 + Level 3.0 Charms
 + Level 3.0 Summonings
 + Level 3.0 Necromancy
 + Level 3.0 Translocations
 + Level 4.9 Transmutations
 + Level 3.0 Fire Magic
 + Level 3.0 Ice Magic
 + Level 3.0 Air Magic
 + Level 3.0 Earth Magic
 + Level 3.0 Poison Magic
 + Level 4.0 Invocations
 + Level 3.6 Evocations


You had 13 spell levels left.
You knew the following spells:

 Your Spells              Type           Power        Failure   Level  Hunger
e - Beastly Appendage     Tmut           ###...       1%          1    None
k - Sticks to Snakes      Tmut           ###.....     2%          2    None
p - Spider Form           Tmut/Pois      ###.......   8%          3    ##.....


Dungeon Overview and Level Annotations

Branches:
Dungeon (8/15)
 Temple: D:4-7         Lair: D:8-11

Altars:
Uskayaw
The Shining One

Shops:
D:6 *


Innate Abilities, Weirdness & Mutations

Your experience applies equally to all skills.
You have very sharp teeth.
Your uncanny sense of smell can sniff out nearby items.


Message History

The killer bee is lightly wounded.
The killer bee completely misses you. The killer bee misses you.
You bite the killer bee!
The killer bee is heavily wounded.
The killer bee misses you.
You hit the killer bee.
You kill the killer bee!
The killer bee misses you.
You barely miss the killer bee. The killer bee barely misses you.
You barely miss the killer bee. The killer bee completely misses you.
The killer bee misses you.
You hit the killer bee.
The killer bee is poisoned.
The killer bee is lightly wounded.
The killer bee misses you.
You closely miss the killer bee.
The killer bee is lightly wounded.
The killer bee barely misses you. The killer bee completely misses you.
You hit the killer bee but do no damage.
The killer bee is heavily wounded.
The killer bee completely misses you. x2
You miss the killer bee.
The killer bee is severely wounded.
The killer bee misses you. The killer bee barely misses you.
You barely miss the killer bee.
The killer bee is almost dead.
The killer bee stings you.
* * * LOW HITPOINT WARNING * * *
You are poisoned.
The killer bee poisons you! The killer bee misses you.
You barely miss the killer bee.
The killer bee is almost dead.
You feel sick.
You kill the killer bee!
You hit the killer bee but do no damage.
The killer bee is poisoned.
You feel sick. The killer bee stings you.
* * * LOW HITPOINT WARNING * * *
You are lethally poisoned!
The killer bee poisons you! The killer bee completely misses you.
You hit the killer bee.
The killer bee looks as sick as possible!
The killer bee is heavily wounded.
Your transformation is almost over.
* * * LOW HITPOINT WARNING * * *
You feel sick. The killer bee closely misses you.
The killer bee completely misses you.
You feel better. The killer bee misses you. x2
You hit the killer bee.
You kill the killer bee!
Your Conjurations skill increases to level 3!
Your Hexes skill increases to level 3!
Your Charms skill increases to level 3!
Your Summonings skill increases to level 3!
Your Necromancy skill increases to level 3!
Your Translocations skill increases to level 3!
Your Fire Magic skill increases to level 3!
Your Ice Magic skill increases to level 3!
Your Air Magic skill increases to level 3!
Your Earth Magic skill increases to level 3!
Your Poison Magic skill increases to level 3!
Your Invocations skill increases to level 4!
You see here a killer bee corpse.
Your transformation has ended.
Your +1 robe unmelds from your body.
Found a ration.
You see here a ration.
c - 10 rations (gained 1)
Your magical contamination has completely faded away.
Found a runed helmet.
You see here a runed helmet.
u - a runed helmet Wear which item? (? for menu, Esc to quit)
You start putting on your armour.
You continue putting on your runed helmet. x4
You finish putting on your +2 helmet.
Adjust (i)tems, (s)pells, or (a)bilities?
Adjust which item? (? for menu, Esc to quit)
u - a +2 helmet (worn)
Adjust to which letter? (? for menu, Esc to quit)
E - a +2 helmet (worn)
Found 15 gold pieces.
You see here 15 gold pieces.
You now have 115 gold pieces (gained 15).
As you read the scroll labeled UGEDEI LYME, it crumbles to dust.
You experience a momentary feeling of inescapable doom!
It was a scroll of random uselessness.
As you read the scroll of teleportation, it crumbles to dust.
You feel strangely unstable.
Unknown command.
Your surroundings suddenly seem different.
A killer bee comes into view.
The killer bee buzzes angrily.
You hear an angry buzzing noise.
A bullfrog comes into view.
The bullfrog croaks.
An orc warrior comes into view. It is wielding a vampiric scimitar.
The orc warrior shouts!
A hound comes into view.
The hound barks!
Found 9 bolts and a scroll of remove curse.
Found a stone staircase leading down. 3 killer bees come into view.
Are you sure you want to abandon this character and quit the game? (Confirm with "yes".)

# ### #. ..
.# ###.###
..#...h.#∆y
.#.....#.y
.(.>..y.?
#..o..#
#@F...#
###.### ..
## ∆


You could see an orc warrior, a bullfrog, a hound and 3 killer bees.

Vanquished Creatures
  Joseph (D:7)
  A hippogriff (D:7)
  A sky beast (D:6)
  An ogre (D:4)
  A centaur (D:5)
  2 bullfrogs
  A water moccasin zombie (D:5)
  3 killer bees (D:7)
  A howler monkey (D:6)
  A crimson imp (D:7)
  A hound (D:7)
  5 orc priests
  3 orc wizards
  4 worker ants
  A worker ant zombie (D:7)
  3 gnolls (D:6)
  3 adders
  2 dart slugs (D:3)
  2 leopard geckos
  11 orcs
  5 bats
  2 giant cockroaches (D:2)
  A goblin (D:1)
  2 hobgoblins
  2 jackals (D:3)
  A ball python (D:4)
  A frilled lizard (D:1)
  A jackal skeleton (D:6)
  2 kobolds
  5 rats
70 creatures vanquished.

Vanquished Creatures (collateral kills)
  A crimson imp (D:5)
  A jelly (D:6)
  3 orcs
  A quokka (D:5)
6 creatures vanquished.

Grand Total: 76 creatures vanquished

Notes
Turn   | Place    | Note
-------+----------+-------------------------------------------
     0 | D:1      | tidbits the Gnoll Transmuter began the quest for the Orb.
     0 | D:1      | Reached XP level 1. HP: 17/17 MP: 6/6
    43 | D:1      | Reached XP level 2. HP: 21/23 MP: 5/7
    47 | D:1      | Learned a level 2 spell: Sticks to Snakes
   201 | D:2      | Reached XP level 3. HP: 23/28 MP: 7/9
   206 | D:2      | Learned a level 3 spell: Spider Form
   230 | D:2      | Reached skill level 5 in Spellcasting
   242 | D:3      | Reached skill level 1 in Short Blades
   242 | D:3      | Reached skill level 1 in Long Blades
   242 | D:3      | Reached skill level 1 in Axes
   242 | D:3      | Reached skill level 1 in Maces & Flails
   242 | D:3      | Reached skill level 1 in Polearms
   242 | D:3      | Reached skill level 1 in Staves
   242 | D:3      | Reached skill level 1 in Slings
   242 | D:3      | Reached skill level 1 in Bows
   242 | D:3      | Reached skill level 1 in Crossbows
   242 | D:3      | Reached skill level 1 in Throwing
   242 | D:3      | Reached skill level 1 in Armour
   242 | D:3      | Reached skill level 1 in Stealth
   242 | D:3      | Reached skill level 1 in Shields
   242 | D:3      | Reached skill level 1 in Invocations
   242 | D:3      | Reached skill level 1 in Evocations
   242 | D:3      | Reached XP level 4. HP: 28/34 MP: 11/11
   260 | D:2      | Reached skill level 1 in Conjurations
   260 | D:2      | Reached skill level 1 in Hexes
   260 | D:2      | Reached skill level 1 in Charms
   260 | D:2      | Reached skill level 1 in Summonings
   260 | D:2      | Reached skill level 1 in Necromancy
   260 | D:2      | Reached skill level 1 in Translocations
   260 | D:2      | Reached skill level 1 in Fire Magic
   260 | D:2      | Reached skill level 1 in Ice Magic
   260 | D:2      | Reached skill level 1 in Air Magic
   260 | D:2      | Reached skill level 1 in Earth Magic
   260 | D:2      | Reached skill level 1 in Poison Magic
   370 | D:5      | Entered Level 5 of the Dungeon
   399 | D:5      | Reached XP level 5. HP: 40/40 MP: 9/12
   508 | D:4      | Noticed an ogre
   515 | D:4      | Killed an ogre
   515 | D:4      | Reached skill level 3 in Fighting
   515 | D:4      | Reached skill level 4 in Transmutations
   515 | D:4      | Reached XP level 6. HP: 47/47 MP: 7/13
   536 | D:4      | Reached skill level 2 in Invocations
   610 | D:4      | Reached skill level 5 in Dodging
   711 | D:5      | Reached skill level 2 in Short Blades
   711 | D:5      | Reached skill level 2 in Long Blades
   711 | D:5      | Reached skill level 2 in Axes
   711 | D:5      | Reached skill level 2 in Maces & Flails
   711 | D:5      | Reached skill level 2 in Polearms
   711 | D:5      | Reached skill level 2 in Staves
   711 | D:5      | Reached skill level 2 in Slings
   711 | D:5      | Reached skill level 2 in Bows
   711 | D:5      | Reached skill level 2 in Crossbows
   711 | D:5      | Reached skill level 2 in Throwing
   711 | D:5      | Reached skill level 2 in Armour
   711 | D:5      | Reached skill level 2 in Stealth
   711 | D:5      | Reached skill level 2 in Shields
   711 | D:5      | Reached skill level 2 in Evocations
   716 | D:5      | Reached XP level 7. HP: 21/52 MP: 11/15
   926 | D:5      | Reached skill level 7 in Unarmed Combat
   982 | D:6      | Found Tualeic's Assorted Antiques.
   985 | D:6      | Bought a bubbling cyan potion for 26 gold pieces
   985 | D:6      | Bought a scroll labeled FUTORH XUCLUZ for 29 gold pieces
  1026 | D:6      | Reached skill level 2 in Conjurations
  1026 | D:6      | Reached skill level 2 in Hexes
  1026 | D:6      | Reached skill level 2 in Charms
  1026 | D:6      | Reached skill level 2 in Summonings
  1026 | D:6      | Reached skill level 2 in Necromancy
  1026 | D:6      | Reached skill level 2 in Translocations
  1026 | D:6      | Reached skill level 2 in Fire Magic
  1026 | D:6      | Reached skill level 2 in Ice Magic
  1026 | D:6      | Reached skill level 2 in Air Magic
  1026 | D:6      | Reached skill level 2 in Earth Magic
  1026 | D:6      | Reached skill level 2 in Poison Magic
  1058 | D:6      | HP: 3/53 [acid (10)]
  1149 | D:6      | Reached skill level 3 in Invocations
  1172 | D:6      | Reached XP level 8. HP: 21/60 MP: 11/16
  1232 | D:6      | Found a glowing golden altar of the Shining One.
  1314 | D:7      | Noticed Joseph
  1341 | D:7      | Killed Joseph
  1341 | D:7      | Reached skill level 4 in Fighting
  1341 | D:7      | Reached skill level 3 in Short Blades
  1341 | D:7      | Reached skill level 3 in Long Blades
  1341 | D:7      | Reached skill level 3 in Axes
  1341 | D:7      | Reached skill level 3 in Maces & Flails
  1341 | D:7      | Reached skill level 3 in Polearms
  1341 | D:7      | Reached skill level 3 in Staves
  1341 | D:7      | Reached skill level 3 in Slings
  1341 | D:7      | Reached skill level 3 in Bows
  1341 | D:7      | Reached skill level 3 in Crossbows
  1341 | D:7      | Reached skill level 3 in Throwing
  1341 | D:7      | Reached skill level 3 in Armour
  1341 | D:7      | Reached skill level 3 in Stealth
  1341 | D:7      | Reached skill level 3 in Shields
  1341 | D:7      | Reached skill level 6 in Spellcasting
  1341 | D:7      | Reached skill level 3 in Evocations
  1364 | D:7      | Found a hide-covered altar of Uskayaw.
  1375 | D:7      | Noticed a hippogriff
  1388 | D:7      | Killed a hippogriff
  1514 | D:7      | Reached skill level 3 in Conjurations
  1514 | D:7      | Reached skill level 3 in Hexes
  1514 | D:7      | Reached skill level 3 in Charms
  1514 | D:7      | Reached skill level 3 in Summonings
  1514 | D:7      | Reached skill level 3 in Necromancy
  1514 | D:7      | Reached skill level 3 in Translocations
  1514 | D:7      | Reached skill level 3 in Fire Magic
  1514 | D:7      | Reached skill level 3 in Ice Magic
  1514 | D:7      | Reached skill level 3 in Air Magic
  1514 | D:7      | Reached skill level 3 in Earth Magic
  1514 | D:7      | Reached skill level 3 in Poison Magic
  1514 | D:7      | Reached skill level 4 in Invocations
  1607 | D:7      | Quit the game

Vault maps used:
D:1:      minmay_arrival_plants_in_alcoves
D:2:      chequers_temple_overflow_minitemple, uniq_terence, uniq_robin
D:3:      first_ration
D:4:      cheibrodos_pilgrimage
D:5:      lemuel_castle_with_subvaults, kiku_gazebo_garden_becter,
          minmay_temple_entry_hall
D:6:      tso_oasis_becter, serial_shops, kennysheep_mini_moat,
          fedhas_altar_decomposition, uniq_prince_ribbit1
D:7:      eat_drink_and_be_merry_uskayaw, grunt_livestock, st_stairs_3,
          uniq_joseph

Skill      XL: |  1  2  3  4  5  6  7  8 |
---------------+-------------------------+-----
Spellcasting   | 5 6 |  6.2
Short Blades   | 1 2 3 |  3.6
Long Blades    | 1 2 3 |  3.6
Axes           | 1 2 3 |  3.6
Maces & Flails | 1 2 3 |  3.6
Polearms       | 1 2 3 |  3.6
Staves         | 1 2 3 |  3.6
Slings         | 1 2 3 |  3.6
Bows           | 1 2 3 |  3.6
Crossbows      | 1 2 3 |  3.6
Throwing       | 1 2 3 |  3.6
Armour         | 1 2 3 |  3.6
Stealth        | 1 2 3 |  3.6
Shields        | 1 2 3 |  3.6
Invocations    | 1 2 3 4 |  4.0
Evocations     | 1 2 3 |  3.6
Conjurations   | 1 2 3 |  3.0
Hexes          | 1 2 3 |  3.0
Charms         | 1 2 3 |  3.0
Summonings     | 1 2 3 |  3.0
Necromancy     | 1 2 3 |  3.0
Translocations | 1 2 3 |  3.0
Fire Magic     | 1 2 3 |  3.0
Ice Magic      | 1 2 3 |  3.0
Air Magic      | 1 2 3 |  3.0
Earth Magic    | 1 2 3 |  3.0
Poison Magic   | 1 2 3 |  3.0
Fighting       | 3 4 |  4.5
Transmutations | 4 |  4.9
Dodging        | 5 |  5.9
Unarmed Combat | 7 |  7.5

Action                   |  1- 3 |  4- 6 |  7- 9 || total
-------------------------+-------+-------+-------++-------
Melee: Unarmed           |    34 |    64 |   110 ||   208
       Kick              |     3 |       |       ||     3
       Bite              |     1 |       |       ||     1
       Punch             |     1 |       |       ||     1
 Cast: Beastly Appendage |     7 |       |       ||     7
       Sticks to Snakes  |     2 |     5 |    13 ||    20
       Spider Form       |     1 |    11 |    16 ||    28
  Use: Scroll            |       |     4 |     4 ||     8
       Potion            |       |       |     7 ||     7
 Stab: Sleeping          |     2 |       |     3 ||     5
       Distracted        |     1 |       |       ||     1
  Eat: Chunk             |       |       |     3 ||     3
       Ration            |       |       |     1 ||     1
Armor: Robe              |     2 |       |     2 ||     4
       Skin              |       |     4 |     1 ||     5
Dodge: Dodged            |    18 |    73 |    95 ||   186

Table legend:
 A = Spawn XP
 B = Non-spawn XP
 C = Spawn XP percentage of total XP
 D = Spawn monster count
 E = Non-spawn monster count
 F = Spawn count percentage of total count
 G = Total turns spent on level
                    A         B        C        D         E        F      G
               +---------+---------+-------+---------+---------+-------+---------
         Total |       0 |    2269 |   0.0 |       0 |      76 |   0.0 |  1607
               +---------+---------+-------+---------+---------+-------+---------
           D:1 |       0 |      16 |   0.0 |       0 |      11 |   0.0 |   153
           D:2 |       0 |      76 |   0.0 |       0 |      11 |   0.0 |   108
           D:3 |       0 |      58 |   0.0 |       0 |       8 |   0.0 |   103
           D:4 |       0 |     245 |   0.0 |       0 |       9 |   0.0 |   372
           D:5 |       0 |     385 |   0.0 |       0 |      13 |   0.0 |   221
           D:6 |       0 |     443 |   0.0 |       0 |      13 |   0.0 |   285
           D:7 |       0 |    1046 |   0.0 |       0 |      11 |   0.0 |   363
               +---------+---------+-------+---------+---------+-------+---------

Table legend:
 A = Turns spent in this place as a percentage of turns spent in the entire game.
 B = Non-inter-level travel turns spent in this place as a percentage of non-inter-level travel turns spent in the entire game.
 C = Inter-level travel turns spent in this place as a percentage of turns spent in this place.
 D = Turns resting spent in this place as a percentage of non-inter-level travel turns spent in this place.
 E = Turns spent auto-exploring this place as a percentage of non-inter-level travel turns spent in this place.
 F = Non-inter-level travel turns spent in this place divided by the number of levels of this place that you've seen.
                   A       B       C       D       E      F
               +-------+-------+-------+-------+-------+----------------------
         Total | 100.0 | 100.0 |   1.9 |   0.0 |   0.0 | 197.1
       Dungeon | 100.0 | 100.0 |   1.9 |   0.0 |   0.0 | 197.1
               +-------+-------+-------+-------+-------+----------------------

Table legend:
 A = Kills in this place as a percentage of kills in entire the game.
 B = Kills by you in this place as a percentage of kills by you in the entire game.
 C = Kills by friends in this place as a percentage of kills by friends in the entire game.
 D = Other kills in this place as a percentage of other kills in the entire game.
 E = Experience gained in this place as a percentage of experience gained in the entire game.
 F = Experience gained in this place divided by the number of levels of this place that you have seen.
                   A       B       C       D       E      F
               +-------+-------+-------+-------+-------+----------------------
         Total | 100.0 | 100.0 | 100.0 |   N/A | 100.0 | 283.6
       Dungeon | 100.0 | 100.0 | 100.0 |   N/A | 100.0 | 283.6
               +-------+-------+-------+-------+-------+----------------------

Vault maps used:
D:1:      minmay_arrival_plants_in_alcoves
D:2:      chequers_temple_overflow_minitemple, uniq_terence, uniq_robin
D:3:      first_ration
D:4:      cheibrodos_pilgrimage
D:5:      lemuel_castle_with_subvaults, kiku_gazebo_garden_becter,
          minmay_temple_entry_hall
D:6:      tso_oasis_becter, serial_shops, kennysheep_mini_moat,
          fedhas_altar_decomposition, uniq_prince_ribbit1
D:7:      eat_drink_and_be_merry_uskayaw, grunt_livestock, st_stairs_3,
          uniq_joseph
